 Dungeon Crawl Stone Soup version 0.14-a0-2091-gca92d1a (webtiles) character file.

265 ReteAZ the Cutter (level 5, -7/34 HPs)
             Began as a Formicid Hunter on Jan 25, 2014.
             Was an Initiate of Okawaru.
             Mangled by a gnoll
             ... wielding a +0,+0 halberd
              (10 damage)
             ... on Level 3 of the Dungeon.
             The game lasted 00:12:29 (2012 turns).

ReteAZ the Cutter (Formicid Hunter)                 Turns: 2012, Time: 00:12:29

HP  -7/34        AC  6     Str 18      XL: 5   Next: 80%
MP   5/5         EV 10     Int 10      God: Okawaru [......]
Gold 123         SH  0     Dex 11      Spells:  0 memorised,  4 levels left

rFire  + . .     SeeInvis +     h - +3,+2 elf short sword (holy)
rCold  . . .     Clarity  .     n - +0 ring mail
rNeg   + . .     Conserve .     (no shield)
rPois  x         rCorr    .     (helmet unavailable)
rElec  .         rRot     .     (no cloak)
SustAb . .       Spirit   .     (no gloves)
rMut   .         Warding  +     (no boots)
Saprov . . .     Stasis   +     i - amulet of warding
MR     .....                    (no ring)
                                v - ring of protection from fire

@: not resistant to hostile enchantments, very unstealthy
A: permanent stasis, dig shafts and tunnels, four strong arms, poison weakness,
antennae 3, exoskeleton 1
a: Dig, Shaft Self, Renounce Religion


You were on level 3 of the Dungeon.
You worshipped Okawaru.
Okawaru was noncommittal.
You were not hungry.

You visited 1 branch of the dungeon, and saw 3 of its levels.

You collected 123 gold pieces.

Inventory:

Hand weapons
 a - a +0,+0 short sword
 h - a +3,+2 elven short sword of holy wrath (weapon)
 w - a +1,+2 dagger of draining
Missiles
 c - a throwing net (quivered)
 o - 6 javelins
 u - 5 darts
Armour
 d - a +0 leather armour
 n - a +0 ring mail (worn)
Comestibles
 f - a bread ration
 m - 2 meat rations
 x - a choko
Scrolls
 e - a scroll of noise {unknown}
 g - a scroll of immolation {unknown}
 j - a scroll of enchant weapon I {unknown}
 k - a scroll of identify
 l - 2 scrolls of magic mapping {unknown}
 r - 2 scrolls of teleportation {unknown}
 s - a scroll of fog {unknown}
 t - a scroll of enchant weapon II {unknown}
Jewellery
 i - an amulet of warding (around neck)
 v - a ring of protection from fire (left hand)
Potions
 p - a potion of agility
 q - 4 potions of curing


   Skills:
 - Level 2.0 Fighting
 * Level 5.2 Short Blades
 - Level 3.2 Throwing
 - Level 2.1 Dodging
 - Level 1.2 Stealth


You had 4 spell levels left.
You didn't know any spells.

Dungeon Overview and Level Annotations

Branches:
Dungeon (3/16)

Altars:
Okawaru


Innate Abilities, Weirdness & Mutations

Your are under a permanent stasis effect.
You can dig through walls and to a lower floor.
Your four strong arms can wield any weapon, most with a shield.
You are susceptible to poison.
You have a pair of large antennae on your head (SInv).
Your body is surrounded by an exoskeleton. (AC +1)


Message History

The gnoll hits you with a halberd.
You hit the gnoll.
The gnoll is moderately wounded.
You hit the gnoll.
The gnoll is heavily wounded.
The gnoll hits you with a halberd!
* * * LOW HITPOINT WARNING * * *
Drink which item? (? for menu, Esc to quit)
You feel better. The gnoll hits you with a halberd.
* * * LOW HITPOINT WARNING * * *
Fire/throw which item? (* to show all) (? for menu, Esc to quit)
Press: ? - help, Shift-Dir - straight line, f/p - gnoll
Aim: a gnoll, wielding a halberd and wearing an amulet of warding (heavily wounded)
You throw a throwing net. The throwing net hits the gnoll.
The gnoll is caught in the net!
The gnoll is heavily wounded.
The gnoll struggles to escape the net.
The gnoll struggles against the net.
The gnoll hits you from afar with a halberd!
You die...

#....# #######.......#
##....############.....#.......#
...............................#
##....############.....#....{..#
#....# #............#...g{..#
##....# #.########.###.......#
......# #.# #.# ##.#.##.#
###.#######^########.####.#.##.#
................@.g.).((((..##.#
###.#######.########.####.####.#
#.# #.# #.# #.# #.# #.# #.# #.#
#.# #.# #.# #.# #.# #.# #.# #.#
#.# #.# #.# #.# #.# #.# #.# #.#
#.# #.# #.########.# #.# #.# #.#
#.......##.# #.# #.#


You could see a gnoll (caught).

Vanquished Creatures
  3 gnolls (D:3)
  2 adders (D:3)
  2 giant mites
  3 giant geckos
  5 oozes
  12 bats
  6 giant cockroaches
  6 goblins
  10 hobgoblins
  7 jackals
  A quokka (D:3)
  A ball python (D:3)
  5 giant newts
  5 kobolds
  7 rats
75 creatures vanquished.

Notes
Turn   | Place    | Note
--------------------------------------------------------------
     0 | D:1      | ReteAZ, the Formicid Hunter, began the quest for the Orb.
     0 | D:1      | Reached XP level 1. HP: 14/14 MP: 1/1
    59 | D:1      | Reached XP level 2. HP: 12/19 MP: 2/2
   301 | D:1      | Reached XP level 3. HP: 17/24 MP: 3/3
   904 | D:2      | Found an iron altar of Okawaru.
   917 | D:2      | Became a worshipper of Warmaster Okawaru
  1028 | D:2      | Reached XP level 4. HP: 26/29 MP: 4/4
  1365 | D:3      | Reached skill level 4 in Short Blades
  1520 | D:3      | Reached XP level 5. HP: 23/34 MP: 5/5
  1996 | D:3      | Reached skill level 5 in Short Blades
  2009 | D:3      | HP: 1/34 [gnoll/halberd (10)]
  2012 | D:3      | Mangled by a gnoll

Action                   |  1- 3 |  4- 6 || total
-------------------------+-------+-------++-------
Melee: Short sword       |    91 |   134 ||   225
       Dagger            |    30 |     3 ||    33
Throw: Large rock        |     3 |     7 ||    10
       Javelin           |       |     1 ||     1
       Throwing net      |       |     1 ||     1
  Use: Scroll            |       |     5 ||     5
       Potion            |       |     1 ||     1
